 Dungeon Crawl Stone Soup version 0.29-a0-542-g075992c915 (webtiles) character file.

Game seed: 15086312760128815151

44 oldriver the Skirmisher (level 3, -4/31 HPs)
             Began as a Palentonga Delver on June 5, 2022.
             Slain by a water moccasin (7 damage)
             ... in a sewer.
             The game lasted 00:01:17 (469 turns).

oldriver the Skirmisher (Palentonga Delver)          Turns: 469, Time: 00:01:18

Health: -4/31      AC:  4    Str: 17    XL:     3   Next: 41%
Magic:  3/3        EV:  9    Int: 10    God:
Gold:   0          SH:  0    Dex: 11    Spells: 2/2 levels left

rFire   . . .      SeeInvis +   i - +1 trident (vamp)
rCold   . . .      Faith    .   (no shield)
rNeg    . . .      Spirit   .   b - +0 leather armour
rPois   .          Reflect  .   (no helmet)
rElec   .          Harm     .   (no cloak)
rCorr   .          Rampage  .   (no gloves)
Will    .....      Rnd*Tele +   (no barding)
Stlth   ++........              (no amulet)
HPRegen 0.10/turn               (no ring)
MPRegen 0.08/turn               (no ring)

@: hasted, very quick
A: large, rugged brown scales 3, see invisible, deformed body, roll 1, armoured
tail, teleportitis 1
a: Rolling Charge


You were in a sewer.
You visited 1 branch of the dungeon, and saw 3 of its levels.
You also visited: Sewer.

Inventory:

Hand Weapons
 a - a +0 hand axe
 i - a +1 vampiric trident (weapon)
Armour
 b - a +0 leather armour (worn)
Wands
 g - a wand of digging (3)
Scrolls
 c - a scroll of fog
 e - a scroll of fear
Potions
 h - a potion of mutation


   Skills:
 + Level 3.5 Fighting
 - Level 2.5(2.9) Axes
 * Level 1.7(2.3) Polearms
 - Level 1.5 Dodging
 - Level 3.3 Stealth


You had 2 spell levels left.
You didn't know any spells.
Your spell library was empty.

Dungeon Overview and Level Annotations

Branches:
Dungeon (5/15)              Sewer (1/1)
 Temple: D:4-7

Altars:

Shops:
D:4 [


Innate Abilities, Weirdness & Mutations

You are completely covered in rugged brown scales. (AC +3, +7% HP)
You have supernaturally acute eyesight. (SInv)
Armour fits poorly on your strangely shaped body.
You can roll at nearby foes to attack.
You have a long armoured tail.
You are occasionally teleported next to monsters.


Message History

You reach to attack!
You barely miss the water moccasin. The water moccasin barely misses you.
You closely miss the water moccasin.
You punch the water moccasin, but do no damage.
The water moccasin bites you. x2
You hit the water moccasin.
The water moccasin is moderately wounded.
The water moccasin barely misses you.
You miss the water moccasin.
The water moccasin is moderately wounded.
The water moccasin bites you. x2
You feel yourself speed up. The water moccasin bites you.
You miss the water moccasin. You tail-slap the water moccasin.
The water moccasin is moderately wounded.
The water moccasin bites you but does no damage.
You miss the water moccasin.
The water moccasin is moderately wounded.
The water moccasin bites you.
* * * LOW HITPOINT WARNING * * *
The water moccasin bites you.
* * * LOW HITPOINT WARNING * * *
You miss the water moccasin.
The water moccasin is moderately wounded.
The water moccasin barely misses you.
Unknown command.
It was a potion of mutation.
You feel extremely strange.
You feel weirdly uncertain. The water moccasin closely misses you.
Okay, then.
Okay, then.
You completely miss the water moccasin. You tail-slap the water moccasin.
The water moccasin is moderately wounded.
The water moccasin bites you but does no damage.
You barely miss the water moccasin.
The water moccasin is moderately wounded.
The water moccasin barely misses you.
You closely miss the water moccasin.
The water moccasin is moderately wounded.
The water moccasin bites you!
You die...

### .... .....
#############.....$
#∩....†....@S.....[
########.####.....$
#.# ..... #.# ....
#.# ### #.# #.#
##.## ##...##


You could see a water moccasin.

Vanquished Creatures
  An adder (D:3)
  A river rat (D:3)
  A worm (D:3)
  An orc (D:3)
  5 bats (Sewer)
  4 endoplasms
  3 giant cockroaches (D:3)
  A goblin (D:3)
  2 quokkas
  A ball python (D:3)
  A rat (D:3)
21 creatures vanquished.

Notes
Turn   | Place    | Note
-------+----------+-------------------------------------------
     0 | D:5      | oldriver the Palentonga Delver began the quest for the Orb.
     0 | D:5      | Reached XP level 1. HP: 19/19 MP: 1/1
     8 | D:4      | Found Qeuhoul's Armour Shoppe.
    82 | D:4      | Noticed a scorpion
   235 | D:3      | Reached XP level 2. HP: 22/25 MP: 2/2
   297 | D:3      | Reached skill level 1 in Polearms
   304 | D:3      | Reached XP level 3. HP: 19/31 MP: 3/3
   306 | D:3      | Found a glowing drain.
   331 | Sewer    | Entered a sewer
   455 | Sewer    | Noticed a water moccasin
   466 | Sewer    | Gained mutation: You are occasionally teleported next to
                  | monsters. [potion of mutation]
   469 | Sewer    | Slain by a water moccasin

Illustrated notes

Levels and vault maps discovered:
D:3:      layout_loops_ring, gup_sewer_entry_bubbles, uniq_ijyb, uniq_robin
D:4:      layout_basic, serial_shops, shop, uniq_eustachio, uniq_blork_the_orc,
          uniq_sigmund
D:5:      layout_loops_ring, lemuel_tele_altar
Sewer:    sewer_big_baddie

Skill      XL: |  1  2 |
---------------+-------+-----
Polearms       | 1 |  1.7
Fighting       | |  3.5
Axes           | |  2.5
Dodging        | |  1.5
Stealth        | |  3.3

Action                   || total
-------------------------++-------
Melee: Hand axe          ||    13
       Trident           ||    57
       Tailslap          ||     7
       Punch             ||     2
 Abil: Rolling Charge    ||     2
  Use: Scroll            ||     1
       Potion            ||     2
 Stab: Sleeping          ||     2
Armor: Leather armour    ||    13
Dodge: Dodged            ||    27

Table legend: (Time is in decaauts)
 A = Elapsed time spent in this place.
 B = Non-inter-level travel time spent in this place.
 C = Inter-level travel time spent in this place.
 D = Time resting spent in this place.
 E = Time spent auto-exploring this place.
 F = Levels seen in this place.
 G = Mean time per level.
                   A        B        C        D        E       F      G
               +--------+--------+--------+--------+--------+-----+--------+
         Total |    494 |    494 |      0 |    121 |    155 |   4 |  123.5 |
       Dungeon |    355 |    355 |      0 |    121 |     44 |   3 |  118.3 |
         Sewer |    138 |    138 |      0 |      0 |    111 |   1 |  138.0 |
               +--------+--------+--------+--------+--------+-----+--------+

Top non-repeatable levels by time:
     D:3: 257 daAuts
   Sewer: 138 daAuts
     D:4: 90 daAuts
     D:5: 8 daAuts
